 Dungeon Crawl Stone Soup version 0.23-a0-451-g1044d4cbad (webtiles) character file.

1951 LostNumber the Caller (level 8, 0/61 HPs)
             Began as a Mummy Summoner on Nov 21, 2018.
             Was an Initiate of Gozag.
             Slain by a troll (11 damage)
             ... on level 9 of the Dungeon on Nov 22, 2018.
             The game lasted 00:30:09 (11792 turns).

LostNumber the Caller (Mummy Summoner)             Turns: 11792, Time: 00:30:10

Health: 0/61       AC:  4    Str: 12    XL:     8   Next: 99%
Magic:  4/17       EV: 12    Int: 16    God:    Gozag
Gold:   538        SH:  5    Dex: 12    Spells: 5/19 levels left

rFire    x . .     SeeInvis .   v - +2 trident (venom)
rCold    + + .     Gourm    .   i - +0 buckler
rNeg     + + +     Faith    +   a - +0 robe
rPois    ∞         Spirit   .   (no helmet)
rElec    .         Reflect  .   n - +0 cloak
rCorr    +         Harm     .   (no gloves)
MR       +....                  p - +0 pair of boots
Stlth    ++........             t - amulet of faith (curse)
HPRegen  0.20/turn              j - ring of resist corrosion
MPRegen  0.15/turn              r - ring of protection from cold

@: no status effects
A: no food or potions, fire vulnerability, cold resistance 1, negative energy
resistance 3, torment resistance, unbreathing
a: Potion Petition, Call Merchant, Bribe Branch, Renounce Religion


You were on level 9 of the Dungeon.
You worshipped Gozag.
Gozag was pleased with you.
You were not hungry.

You visited 1 branch of the dungeon, and saw 9 of its levels.

You collected 729 gold pieces.
You spent 143 gold pieces at shops.
You paid 48 gold pieces to Gozag.

Inventory:

Hand Weapons
 e - a +1 dagger of venom
 u - a -1 short sword
 v - a +2 trident of venom (weapon)
Armour
 a - a +0 robe (worn)
 i - a +0 buckler (worn)
 m - a cursed +0 ring mail
 n - a +0 cloak (worn)
 p - a +0 pair of boots (worn)
Jewellery
 j - a ring of resist corrosion (left hand)
 r - a ring of protection from cold (right hand)
 t - a cursed amulet of faith (around neck)
Wands
 q - a wand of flame (12)
Scrolls
 b - 3 scrolls of teleportation
 c - 2 scrolls of vulnerability
 d - 4 scrolls of enchant armour
 f - 2 scrolls of identify
 h - 6 scrolls of remove curse
 k - a scroll of fog
 l - a scroll of amnesia {unknown}
 o - 2 scrolls of enchant weapon
 s - a scroll of fear


   Skills:
 + Level 4.3 Fighting
 + Level 0.0 Polearms
 - Level 1.5 Dodging
 - Level 1.5 Stealth
 - Level 4.0 Shields
 + Level 6.0 Spellcasting
 * Level 6.1 Summonings
 - Level 4.1 Ice Magic
 * Level 1.0 Air Magic


You had 5 spell levels left.
You knew the following spells:

 Your Spells              Type           Power        Failure   Level  Hunger
a - Summon Small Mammal   Summ           ###.         1%          1    N/A
b - Call Imp              Summ           ###.....     1%          2    N/A
c - Call Canine Familiar  Summ           ###.....     3%          3    N/A
d - Summon Ice Beast      Ice/Summ       ###.....     16%         4    N/A
e - Summon Lightning Spi  Summ/Air       ###.....     30%         4    N/A

Your spell library contained the following spells:

 Spells                   Type           Power        Failure   Level  Hunger
 Summon Guardian Golem    Hex/Summ       ##......     12%         3    N/A
 Sandblast                Erth           #.....       14%         1    N/A
 Petrify                  Tmut/Erth      #.......     80%         4    N/A
 Bolt of Magma            Conj/Fire/Erth #.........   98%         5    N/A
 Shatter                  Erth           #.........   100%        9    N/A

Dungeon Overview and Level Annotations

Branches:
Dungeon (9/15)             Temple (0/1) D:6
   Lair: D:8-11         Orc: D:9-12

Altars:
Gozag
Kikubaaqudgha
Nemelex Xobeh
Trog
Uskayaw
Vehumet
Xom

Shops:
D:4 %   D:5 (   D:9 (

Annotations:
D:9 Maurice


Innate Abilities, Weirdness & Mutations

You do not eat or drink.
Your flesh is vulnerable to fire.
You are immune to poison.
Your flesh is cold resistant. (rC+)
You are immune to negative energy. (rN+++)
You are immune to unholy pain and torment.
You can survive without breathing.


Message History

Maurice says, "Nice gear.
Can I borrow some?"
Your ice beast barely misses the troll.
The troll closely misses you. The troll claws you.
The troll closely misses you.
Your hound bites the troll but does no damage.
Unknown command.
Your ice beast closely misses the troll.
Your ice beast hits the troll but does no damage.
Something hits your ice beast but does no damage.
Evoke which item? (* to show all) (? for menu, Esc to quit)
Okay, then.
Evoke which item? (* to show all) (? for menu, Esc to quit)
Aiming: Corrosive Bolt
Press: ? - help, Shift-Dir - straight line, f/p - troll
Aim: a troll (poisoned)
The bolt of acid misses the troll.
The now-empty wand crumbles to dust.
The troll bites you!
* * * LOW HITPOINT WARNING * * *
The troll claws you!
You die...
Your body crumbles into a pile of gold.

........[...##........#
.......................
<.##........#..........
....##.....###.......# .......
.....###...##........###......)
...........##......<...##(....
.........#..................# ...
........##.##.......###....# ....
................@TY.###....# #...
....##...........##.##.....# #...
...##............##..##h...###...
#...#...........##....Y.@..##....
##.....#.#.#....###..##..........
.<...#####.#..######.#...........
....####....[....##..###....>...>
...........###.......##..........
#[#....#..##>....................


You could see a troll and a friendly ice beast.

Vanquished Creatures
  2 orc warriors
  A black bear (D:8)
  2 ice beasts
  A phantom (D:5)
  2 centaurs
  3 scorpions
  A crimson imp (D:6)
  A jelly (D:6)
  2 orc priests
  3 orc wizards
  Jessica (D:2)
  An iguana (D:5)
  3 worker ants
  2 hound skeletons (D:5)
  5 adders
  4 shadow imps
  2 oozes
  2 adder skeletons
  A worm (D:2)
  A dart slug (D:2)
  5 leopard geckos
  16 orcs
  4 giant cockroaches
  8 hobgoblins
  11 jackals
  4 quokkas
  10 bats
  2 frilled lizards
  5 goblins
  4 kobolds
  A quokka skeleton (D:9)
  5 rats
115 creatures vanquished.

Vanquished Creatures (collateral kills)
  Prince Ribbit (D:8)
  A hippogriff (D:5)
  Sigmund (D:2)
  Eustachio (D:4)
  An ogre (D:4)
  2 crimson imps
  2 jellies
  5 orc priests
  2 orc wizards
  Crazy Yiuf (D:4)
  A bullfrog skeleton (D:7)
  2 worker ants (D:6)
  An adder (D:6)
  An adder skeleton (D:4)
  A leopard gecko (D:6)
  12 orcs
  A ball python (D:1)
  A goblin (D:1)
  2 hobgoblins (D:1)
  A jackal (D:2)
  2 kobolds (D:1)
  A quokka (D:7)
  5 bats (D:1)
  A rat (D:1)
49 creatures vanquished.

Grand Total: 164 creatures vanquished

Notes
Turn   | Place    | Note
-------+----------+-------------------------------------------
     0 | D:1      | LostNumber the Mummy Summoner began the quest for the Orb.
     0 | D:1      | Reached XP level 1. HP: 13/13 MP: 4/4
  1097 | D:1      | Reached XP level 2. HP: 20/20 MP: 3/5
  1662 | D:1      | Learned a level 2 spell: Call Imp
  1797 | D:2      | Noticed Sigmund
  1806 | D:2      | Killed Sigmund
  1806 | D:2      | Reached skill level 1 in Fighting
  1806 | D:2      | Reached XP level 3. HP: 27/27 MP: 2/8
  1806 | D:2      | Reached XP level 4. HP: 33/33 MP: 2/9
  2573 | D:2      | Noticed Jessica
  2595 | D:2      | Killed Jessica
  2595 | D:2      | Reached XP level 5. HP: 7/38 MP: 9/11
  2851 | D:2      | Learned a level 3 spell: Call Canine Familiar
  2856 | D:2      | Learned a level 4 spell: Summon Ice Beast
  4974 | D:4      | Found Hitoh's Food Boutique.
  4990 | D:4      | Reached skill level 1 in Ice Magic
  5279 | D:4      | Found a hide-covered altar of Uskayaw.
  5306 | D:4      | Noticed Eustachio
  5651 | D:4      | Found an ancient bone altar of Kikubaaqudgha.
  5654 | D:4      | Noticed an ogre
  5665 | D:4      | Killed an ogre
  5665 | D:4      | Reached skill level 1 in Shields
  5665 | D:4      | Reached XP level 6. HP: 46/46 MP: 9/12
  5748 | D:4      | Killed Eustachio
  6113 | D:4      | Found a runed door.
  6141 | D:4      | Noticed Crazy Yiuf
  6151 | D:4      | Killed Crazy Yiuf
  6404 | D:3      | Reached skill level 5 in Summonings
  6865 | D:5      | Entered Level 5 of the Dungeon
  6887 | D:5      | Reached XP level 7. HP: 51/51 MP: 9/13
  7113 | D:5      | Found a radiant altar of Vehumet.
  7186 | D:5      | Found a bloodstained altar of Trog.
  7188 | D:5      | Found Gakootet's Weapon Shop.
  7392 | D:5      | Found an opulent altar of Gozag.
  7400 | D:5      | Became a worshipper of Gozag Ym Sagoz the Greedy
  7457 | D:5      | Noticed a hippogriff
  7477 | D:5      | Killed a hippogriff
  7735 | D:5      | Reached skill level 5 in Spellcasting
  7759 | D:5      | Learned a level 4 spell: Summon Lightning Spire
  8045 | D:6      | Reached XP level 8. HP: 51/58 MP: 15/15
  8100 | D:6      | Found a staircase to the Ecumenical Temple.
  8117 | D:6      | Found a shimmering altar of Xom.
 11102 | D:8      | Found a sparkling altar of Nemelex Xobeh.
 11189 | D:8      | Noticed Prince Ribbit
 11202 | D:8      | Killed Prince Ribbit
 11320 | D:8      | Found a shimmering altar of Xom.
 11567 | D:9      | Reached skill level 1 in Air Magic
 11700 | D:9      | Identified the Catalogue of the Rocks
 11706 | D:9      | Found Jala's Antique Weapon Shop.
 11717 | D:9      | Bought a glowing trident for 143 gold pieces
 11762 | D:9      | Noticed a troll
 11766 | D:9      | Noticed Maurice
 11792 | D:9      | Slain by a troll

Vault maps used:
D:1:      lightli_arrival_statuegarden, minivault_14, st_stairs_14
D:2:      uniq_jessica, uniq_sigmund
D:4:      nicolae_overflow_crystal_walls, eat_drink_and_be_merry_uskayaw,
          first_ration, serial_shops, kennysheep_little_box,
          hangedman_decor_growths, uniq_crazy_yiuf_cottage, uniq_eustachio
D:5:      kennysheep_mini_moat, lemuel_coloured_pillars_altar, serial_shops,
          nicolae_shop_window_shopping, basic_altar
D:6:      temple_statues, basic_altar, hex_large
D:7:      hex_tiny
D:8:      nicolae_overflow_hidden_temple, nemelex_xobeh_ov_fountains_minmay,
          uniq_prince_ribbit1
D:9:      lemuel_blue_sif_altar, serial_shops, shop, lightli_fourway_metalbox,
          uniq_maurice

Skill      XL: |  1  2  3  4  5  6  7  8 |
---------------+-------------------------+-----
Spellcasting   | 3 4 5 6 |  6.0
Fighting       | 1 2 3 4 |  4.3
Summonings     | 4 5 6 |  6.1
Ice Magic      | 1 2 3 4 |  4.1
Shields        | 1 2 4 |  4.0
Air Magic      | 1 |  1.0
Dodging        | |  1.5
Stealth        | |  1.5

Action                   |  1- 3 |  4- 6 |  7- 9 || total
-------------------------+-------+-------+-------++-------
Melee: Unarmed           |   100 |       |       ||   100
       Dagger            |     3 |   233 |   316 ||   552
       Trident           |       |       |     4 ||     4
 Cast: Summon Small Mamm |    22 |       |       ||    22
       Call Imp          |     2 |     6 |    22 ||    30
       Call Canine Famil |       |     9 |    24 ||    33
       Summon Ice Beast  |       |       |     7 ||     7
Evoke: Wand              |       |     1 |     1 ||     2
  Use: Scroll            |       |       |     8 ||     8
 Stab: Sleeping          |       |     4 |     1 ||     5
       Distracted        |       |     1 |     2 ||     3
Armor: Robe              |    51 |    35 |    64 ||   150
Dodge: Dodged            |   124 |   148 |   172 ||   444
Block: Buckler           |       |    28 |    72 ||   100

Table legend:
 A = Non-vault XP
 B = Vault XP
 C = Vault XP percentage of total XP
 D = Non-vault monster count
 E = Vault monster count
 F = Vault count percentage of total count
                 A         B        C        D         E       F
            +---------+---------+-------+---------+---------+-------
      Total |    2286 |     502 |  18.0 |     158 |       6 |   3.7
            +---------+---------+-------+---------+---------+-------
        D:1 |      24 |       1 |   4.0 |      20 |       1 |   4.8
        D:2 |      70 |     149 |  68.0 |      23 |       2 |   8.0
        D:3 |     174 |       0 |   0.0 |      28 |       0 |   0.0
        D:4 |     145 |     158 |  52.1 |      19 |       2 |   9.5
        D:5 |     526 |       0 |   0.0 |      17 |       0 |   0.0
        D:6 |     477 |       0 |   0.0 |      16 |       0 |   0.0
        D:7 |     498 |       0 |   0.0 |      18 |       0 |   0.0
        D:8 |     326 |     194 |  37.3 |      11 |       1 |   8.3
        D:9 |      46 |       0 |   0.0 |       6 |       0 |   0.0
            +---------+---------+-------+---------+---------+-------
